 Dungeon Crawl Stone Soup version 0.20-a0-548-g4f8a798 (webtiles) character file.

30 Alarkh the Slasher (level 3, 29/29 HPs)
             Began as a Demonspawn Monk on Feb 1, 2017.
             Got out of the dungeon alive.
             The game lasted 00:00:53 (784 turns).

Alarkh the Slasher (Demonspawn Monk)                 Turns: 784, Time: 00:00:53

Health: 29/29      AC:  3    Str: 11    XL:     3   Next: 5%
Magic:  3/3        EV: 13    Int: 12    God:
Gold:   56         SH:  0    Dex: 15    Spells: 2/2 levels left

rFire    . . .     SeeInvis +   a - +0 falchion
rCold    . . .     Gourm    .   b - +0 robe
rNeg     . . .     Faith    .   (no shield)
rPois    .         Spirit   .   (helmet restricted)
rElec    .         Reflect  .   (no cloak)
rCorr    .         Harm     .   (no gloves)
MR       .....                  f - +0 pair of boots
Stlth    +++.......             (no amulet)
Regen    0.1/turn               (no ring)
                                i - ring of see invisible

@: exhausted, slowed, very slow
A: horns 1, nightstalker 1
a: no special abilities


You escaped.
You were not hungry.

You visited 1 branch of the dungeon, and saw 1 of its levels.

You collected 56 gold pieces.

Inventory:

Hand Weapons
 a - a +0 falchion (weapon)
Armour
 b - a +0 robe (worn)
 f - a +0 pair of boots (worn)
Jewellery
 e - an uncursed ring of ice
 i - a ring of see invisible (left hand)
Scrolls
 j - a scroll of recharging {unknown}
Potions
 d - a potion of flight {unknown}
 h - a potion of heal wounds {unknown}
 k - a potion of might {unknown}
 m - a potion of berserk rage
Comestibles
 c - 2 bread rations


   Skills:
 - Level 3.0 Fighting
 + Level 3.8 Long Blades
 - Level 2.6 Dodging
 - Level 1.7 Stealth


You had 2 spell levels left.
You didn't know any spells.

Dungeon Overview and Level Annotations

Branches:
Dungeon (1/15)

Altars:


Innate Abilities, Weirdness & Mutations

You have a pair of small horns on your head.
You are slightly more attuned to the shadows.


Message History

The gnoll is severely wounded.
You slash the gnoll!
You kill the gnoll!
You have reached level 3!
Your experience leads to an increase in your attributes!
Your base attributes are Str 11, Int 11, Dex 15.
Increase (S)trength, (I)ntelligence, or (D)exterity?
You feel clever.
You feel monstrous as your demonic heritage exerts itself.
Your demonic ancestry asserts itself...
A pair of horns grows on your head!
You start waiting.
You feel a strong urge to attack something.
You are no longer berserk.
You are exhausted.
You feel yourself slow down.
There is a large open door here.
There is a staircase leading out of the dungeon here.
Are you sure you want to leave the Dungeon?
This will make you lose the game!
You have escaped!

..........###>.....###.#######
#.#.###.[..#..####..##.......#
#..## #.###.#.......##.#####.#
#.## #.###..##''##..#.# #.#
..# #.....##P..P##...## #.#
#.# #...####♣PP♣####..## #.#
#.# #..######### ####..# #.#
#.# #.####PPP♣P♣♣P####.# #.#
#.# #.# #P♣...@..PP# #.###.#
#.# #.# #..........# #...#.#
#.# ##.# #'##P...##'# #.....#
#.####..# ##''## # #...###
...##..## #....# ##..##
......########P...########..#
.....###..............PP###.#
.....#.....♣P...♣P..♣....♣#.#
.).#........♣.........P.....#


There were no monsters in sight!

Vanquished Creatures
  A gnoll (D:1)
  A dart slug (D:1)
  A leopard gecko (D:1)
  A ball python (D:1)
  2 goblins (D:1)
  3 hobgoblins (D:1)
  3 kobolds (D:1)
  3 bats (D:1)
  A rat (D:1)
16 creatures vanquished.

Notes
Turn   | Place    | Note
-------+----------+-------------------------------------------
     0 | D:1      | Alarkh the Demonspawn Monk began the quest for the Orb.
     0 | D:1      | Reached XP level 1. HP: 18/18 MP: 1/1
   428 | D:1      | Gained mutation: You are slightly more attuned to the shadows. [demonic ancestry]
   428 | D:1      | Reached XP level 2. HP: 19/24 MP: 2/2
   769 | D:1      | Gained mutation: You have a pair of small horns on your head. [demonic ancestry]
   769 | D:1      | Reached XP level 3. HP: 29/29 MP: 3/3
   784 | D:$      | Got out of the dungeon alive.

Vault maps used:
D:1:      denvon_arrival_planthouse, dk_noncrumbling_3

Skill      XL: |  1 |
---------------+----+-----
Long Blades    | 3 |  3.8
Fighting       | |  3.0
Dodging        | |  2.6
Stealth        | |  1.7

Action                   || total
-------------------------++-------
Melee: Falchion          ||    32
  Use: Scroll            ||     1
       Potion            ||     1
 Stab: Sleeping          ||     4
Armor: Robe              ||     4
Dodge: Dodged            ||    19
       Rpst.: Falchion   ||     8
